 Dungeon Crawl Stone Soup version 0.31-a0-180-g519b7de00c (webtiles) character file.

Game seed: 16772182730298578859

86 ragingrage the Slasher (level 4, -13/32 HPs)
             Began as a Barachi Chaos Knight on June 19, 2023.
             Was a Plaything of Xom.
             Mangled by a two-headed ogre
             ... wielding a +0 giant club
              (23 damage)
             ... on level 3 of the Dungeon.
             The game lasted 00:03:43 (2707 turns).

ragingrage the Slasher (Barachi Chaos Knight)       Turns: 2707, Time: 00:03:43

Health: -13/32     AC:  7    Str: 13    XL:     4   Next: 49%
Magic:  4/4        EV: 16    Int: 18    God:    Xom [..*...]
Gold:   122        SH:  0    Dex: 14    Spells: 3/3 levels left

rFire   . . .        b - +2 dagger (elec)
rCold   . . .        (no shield)
rNeg    . . .        n - +2 leather armour
rPois   .            s - +1 hat
rElec   .            (no cloak)
rCorr   .            m - +0 pair of gloves
SInv    .            (no boots)
Will    .....        (no amulet)
Stlth   +            f - +5 ring of evasion
HPRegen 0.25/turn    k - +6 ring of intelligence
MPRegen 0.09/turn

%: no passive effects
@: unable to hop, slow
A: amphibious, slowness 1, strong legs 1, +LOS, frail 1
a: Hop, Renounce Religion


You were on level 3 of the Dungeon.
You worshipped Xom.
You were a toy of Xom.
You visited 1 branch of the dungeon, and saw 4 of its levels.

You collected 122 gold pieces.

Inventory:

Hand Weapons
 a - a +0 falchion of chaos
 b - a +2 dagger of electrocution (weapon)
Armour
 m - a +0 pair of gloves (worn)
 n - a +2 leather armour (worn)
 q - a +0 buckler
 s - a +1 hat (worn)
Jewellery
 f - a +5 ring of evasion (left hand)
 k - a +6 ring of intelligence (right hand)
Scrolls
 d - 6 scrolls of identify {unknown}
 h - 2 scrolls of enchant armour {unknown}
 i - 6 scrolls of teleportation {unknown}
 l - a scroll of amnesia {unknown}
 r - a scroll of enchant weapon {unknown}
Potions
 j - a potion of berserk rage {unknown}
 o - 2 potions of attraction {unknown}
 p - a potion of enlightenment {unknown}
Miscellaneous
 c - a piece from Xom's chessboard (11/15) (quivered)


   Skills:
 - Level 3.6 Fighting
 + Level 0.9(3.4) Short Blades
 + Level 5.9 Long Blades
 - Level 2.4 Armour
 - Level 1.1 Dodging
 + Level 0.8 Stealth


You had 3 spell levels left.
You didn't know any spells.
Your spell library contained the following spells:

 Spells                   Type           Power      Damage    Failure   Level
 Stone Arrow              Conj/Erth      0%         3d7       63%         3
 Animate Armour           Summ/Erth      0%         N/A       95%         4
 Lehudib's Crystal Spear  Conj/Erth      0%         10d2      100%        8


Dungeon Overview and Level Annotations

Branches:
Dungeon (4/15)
 Temple: D:4-7

Altars:
Ashenzari
Hepliaklqana
Qazlal
Uskayaw


Innate Abilities, Weirdness & Mutations

You are amphibious.
You cover ground slowly.
You can hop short distances.
You have an extended range of vision and can be seen from far away.
You are frail. (-10% HP)


Message History

Hop to where?
Press: ? - help, Dir - move target Boing!
You make a move on Xom's chessboard...
The two-headed ogre easily resists.
You make a move on Xom's chessboard...
The two-headed ogre is outlined in light.
Xom grants you insight.
You detect nothing.
There is an open door here.
You have nothing you can fire or use right now.
Unknown command.
You make a move on Xom's chessboard...
The two-headed ogre twists and deforms.
The two-headed ogre misses you. The two-headed ogre barely misses you.
You hit the two-headed ogre. You hit the two-headed ogre.
The two-headed ogre misses you. x2
It was a potion of magic.
Magic courses through your body.
It was a potion of curing.
You feel better. The two-headed ogre misses you. x2
You hit the two-headed ogre. You hit the two-headed ogre.
Lightning courses through the two-headed ogre!
The two-headed ogre closely misses you. x2
You completely miss the two-headed ogre.
The two-headed ogre closely misses you. The two-headed ogre misses you.
You hit the two-headed ogre. You hit the two-headed ogre.
The two-headed ogre hits you with a +0 giant club.
The two-headed ogre hits you with a +0 giant club!
* * * LOW HITPOINT WARNING * * *
You hit the two-headed ogre.
The two-headed ogre stops glowing.
You hit the two-headed ogre.
The two-headed ogre completely misses you.
The two-headed ogre closely misses you.
You hit the two-headed ogre.
Lightning courses through the two-headed ogre!
You hit the two-headed ogre.
The two-headed ogre barely misses you. x2
You hit the two-headed ogre.
The two-headed ogre hits you with a +0 giant club!!
Ouch! That really hurt!
You die...
Xom roars with laughter!

###...# #.......# #.#. ......#
#[......###.#. ......#
#...........#. ......#
###'##.......... ###...#
#....#.......##. ###...# #######
#....#.......... .####.#
#.....###....#..........
..###.####.....##.....#........##
....#.##.......O@..............#
......##.#.....#######.......#.#
...#..##.#.....#<# #.......#.#
####..##.......#.# #.......#.##
##..#.#.....#.# #.......#...
#..>.#######.# #..........#
#.#.O#...# #.# #####......#
#.#..#...###.# #..........#
#####.#..#....##.### #..........#


You could see a two-headed ogre (misshapen).

Vanquished Creatures
  4 adders
  A worm (D:2)
  4 endoplasms
  2 giant cockroaches (D:1)
  6 goblins
  4 hobgoblins
  5 kobolds
  2 quokkas (D:1)
  4 ball pythons
  6 bats
  3 frilled lizards
  4 rats
45 creatures vanquished.

Notes
Turn   | Place    | Note
-------+----------+-------------------------------------------
     0 | D:1      | ragingrage the Barachi Chaos Knight began the quest for the
                  | Orb.
     0 | D:1      | Reached XP level 1. HP: 18/18 MP: 1/1
    72 | D:1      | Reached skill level 4 in Long Blades
   136 | D:1      | XOM: potion effect (attraction)
   160 | D:1      | Reached XP level 2. HP: 18/24 MP: 2/2
   482 | D:1      | XOM: 1-stop teleportation journey
   495 | D:1      | XOM: noise
   595 | D:1      | XOM: stat loss: -1 Dex (10/11)
   600 | D:1      | XOM: give mutation
   600 | D:1      | Gained mutation: You are frail. (-10% HP) [Xom's mischief]
   805 | D:1      | XOM: draining
   910 | D:2      | Reached skill level 5 in Long Blades
   910 | D:2      | Reached XP level 3. HP: 18/25 MP: 3/3
  1096 | D:2      | XOM: 6-stop teleportation journey
  1241 | D:2      | Found a hide-covered altar of Uskayaw.
  1420 | D:2      | XOM: 2-stop teleportation journey
  1445 | D:2      | Found a faded altar of an unknown god.
  1507 | D:3      | Found a hazy altar of Hepliaklqana.
  1938 | D:3      | Found a broken altar of Ashenzari.
  1943 | D:3      | Saw a vision of the Shoals and the Snake Pit.
  1943 | D:3      | Noticed a water elemental
  1943 | D:3      | Noticed a manticore
  1943 | D:3      | Noticed a skyshark
  1943 | D:3      | Noticed a merfolk avatar
  1943 | D:3      | Noticed a water nymph
  1943 | D:3      | Noticed a merfolk impaler
  1943 | D:3      | Noticed a water elemental
  1943 | D:3      | Noticed a sea snake
  1943 | D:3      | Noticed a manticore
  1943 | D:3      | Noticed a naga
  1943 | D:3      | Noticed a shock serpent
  1943 | D:3      | Noticed a naga
  1943 | D:3      | Noticed a naga ritualist
  1943 | D:3      | Noticed a naga ritualist
  1943 | D:3      | Noticed a sea snake
  1943 | D:3      | Noticed a naga mage
  1944 | D:3      | XOM: divination: detect items
  2057 | D:3      | Reached XP level 4. HP: 31/32 MP: 4/4
  2113 | D:3      | XOM: silly message
  2245 | D:3      | XOM: divination: magic mapping
  2650 | D:4      | Found a stormy altar of Qazlal.
  2652 | D:4      | Noticed an ogre
  2682 | D:4      | Noticed a two-headed ogre
  2683 | D:4      | XOM: smoke on damage
  2691 | D:3      | XOM: divination: detect items
  2707 | D:3      | Mangled by a two-headed ogre

Illustrated notes

Levels and vault maps discovered:
D:1:      scummos_arrival_hexagon, layout_loops_ring
D:2:      layout_basic, shapermc_ecumenical_altar_flowoftime, basic_altar,
          minmay_misc_feat_secret_circle, corexii_item_surrounded_by_moat,
          lightli_corner_chamber
D:3:      layout_basic, mainiacjoe_overflow_alcove_1, grunt_ashenzari_visionary
          [grunt_ashenzari_visionary_shoals, grunt_ashenzari_visionary_snake]
D:4:      layout_gridville, nicolae_qazlal_general_emergency, serial_shops, shop

Skill      XL: |  1  2 |
---------------+-------+-----
Long Blades    | 4 5 |  5.9
Fighting       | |  3.6
Short Blades   | |  0.9
Armour         | |  2.4
Dodging        | |  1.1
Stealth        | |  0.8

Action                     |  1- 3 |  4- 6 || total
---------------------------+-------+-------++-------
  Melee: Falchion          |   123 |       ||   123
         Dagger            |     5 |    38 ||    43
         Punch             |     1 |       ||     1
Ability: Hop               |       |     1 ||     1
  Evoke: Piece from Xom's  |     1 |     3 ||     4
    Use: Potion            |       |     2 ||     2
   Stab: Paralysed         |     1 |       ||     1
 Armour: Leather armour    |    22 |     9 ||    31
  Dodge: Dodged            |    75 |    38 ||   113

Table legend: (Time is in decaauts)
 A = Elapsed time spent in this place.
 B = Non-inter-level travel time spent in this place.
 C = Inter-level travel time spent in this place.
 D = Time resting spent in this place.
 E = Time spent auto-exploring this place.
 F = Levels seen in this place.
 G = Mean time per level.
                   A        B        C        D        E       F      G
               +--------+--------+--------+--------+--------+-----+--------+
         Total |   3136 |   2932 |    204 |    187 |   2229 |   4 |  784.0 |
       Dungeon |   3136 |   2932 |    204 |    187 |   2229 |   4 |  784.0 |
               +--------+--------+--------+--------+--------+-----+--------+

Top non-repeatable levels by time:
     D:2: 1194 daAuts
     D:1: 1034 daAuts
     D:3: 898 daAuts
     D:4: 9 daAuts
